Map: Cyber Forest LE

Players

Arkanian

  • Race: Zerg Zerg
  • League: Platinum
  • Spawn Location: 11:00

Parkkatz - Winner!

  • Race: Zerg Zerg
  • League: Platinum
  • Spawn Location: 5:00

VOD

Have the link to the VOD?

Description

Time

  • Played on: July 3, 2019, 8:10 p.m.
  • Length: 14:40
Show
View Real Time Build Order
Export as new Build Order

Arkanian Zerg 

Build Orders: Hatch First, Lurkers 

Get SALT Encoding   

  12  0:01  Drone  
  13  0:13  Overlord  
  13  0:20  Drone, Extractor  
  14  0:27  Extractor  
  14  0:28  Drone  
  14  0:32  Drone  
  16  0:41  Drone  
  17  0:56  Hatchery  
  16  1:02  Drone x2  
  18  1:12  Drone  
  19  1:19  Spawning Pool  
  19  1:20  Extractor  
  19  1:22  Drone  
  18  1:34  Drone  
  19  1:40  Overlord  
  19  1:53  Drone  
  20  2:06  Queen  
  20  2:08  Queen  
  24  2:23  Drone x5  
  29  2:39  Spine Crawler  
  28  2:44  Drone  
  28  2:45  Drone  
  28  2:50  Lair  
  30  3:11  Drone x5  
  35  3:24  Drone, Roach Warren  
  35  3:25  Drone  
  36  3:27  Overlord x2  
  36  3:33  Evolution Chamber  
  35  3:34  Evolution Chamber  
  34  3:41  Extractor  
  34  3:42  Extractor  
  32  3:53  Drone x5, Hydralisk Den  
  32  3:55  Hatchery, Drone  
  36  4:02  Queen  
  38  4:18  Zerg Missile Weapons Level 1  
  38  4:20  Drone x6  
  44  4:33  Lurker Den  
  43  4:43  Roach  
  43  4:44  Roach x2  
  49  4:56  Hydralisk  
  49  4:59  Overlord x3  
  50  5:16  Drone  
  50  5:17  Roach x2, Evolution Chamber  
  50  5:18  Roach x3  
  60  5:37  Roach  
  60  5:38  Roach x4  
  70  5:48  Drone x10  
  80  6:12  Overlord x2  
  80  6:13  Overlord x3  
  80  6:15  Drone  
  79  6:24  Roach x5  
  69  6:40  Drone x9  
  69  6:43  Extractor  
  69  6:44  Extractor  
  70  6:57  Queen x2  
  70  7:02  Roach x5  
  79  7:13  Zerg Missile Weapons Level 2  
  79  7:15  Hydralisk x3  
  85  7:34  Roach x6  
  97  7:47  Drone x3  
  97  7:49  Drone x2  
  97  7:50  Drone  
  103  7:52  Drone x2  
  103  7:53  Drone  
  106  8:08  Extractor  
  105  8:15  Roach x8  
  97  8:41  Roach x6  
  89  8:42  Roach x6  
  88  8:58  Roach x4  
  83  9:13  Queen  
  81  9:22  Hydralisk  
  81  9:23  Hydralisk x5  
  91  9:43  Roach  
  91  9:44  Roach x4  
  85  9:55  Drone x9  
  85  9:56  Queen  
  94  10:18  Lurker  
  94  10:19  Lurker  
  96  10:25  Roach x3  
  82  10:54  Roach  
  82  10:55  Roach x10  
  90  10:59  Drone x5, Queen  
  90  11:00  Queen x2  
  94  11:10  Hatchery  
  93  11:13  Hatchery  
  93  11:15  Hatchery  
  91  11:20  Hydralisk x2  
  91  11:21  Hydralisk x2  
  99  11:29  Drone x5  
  104  11:35  Hatchery  
  104  11:36  Queen  
  105  11:43  Overlord x3  
  105  12:07  Roach x7  
  119  12:09  Zerg Ground Armor Level 1  
  96  12:54  Roach  
  96  12:55  Roach x18  
  115  13:03  Drone x4  
  99  13:15  Queen  
  99  13:16  Queen  
  101  13:34  Drone  
  101  13:35  Drone x2  
  101  13:37  Drone x10  
  101  13:40  Hydralisk x5  
  124  13:42  Queen  
  126  13:58  Hatchery  
  126  14:00  Queen  
  127  14:09  Infestation Pit  
  126  14:14  Lurker x5  
  131  14:20  Roach x3  
Show
View Real Time Build Order
Export as new Build Order

Parkkatz Zerg - Winner!

Build Orders: Hatch First 

Get SALT Encoding   

  12  0:01  Drone  
  13  0:14  Overlord  
  13  0:18  Drone  
  14  0:32  Drone x2  
  16  0:36  Drone  
  17  0:50  Drone  
  18  0:57  Hatchery  
  18  0:59  Drone  
  18  1:04  Extractor  
  17  1:15  Spawning Pool  
  17  1:18  Drone  
  17  1:24  Drone  
  18  1:30  Drone  
  19  1:42  Overlord  
  19  2:02  Queen  
  21  2:10  Zergling x6  
  21  2:11  Queen  
  26  2:17  Metabolic Boost  
  26  2:20  Drone  
  26  2:21  Drone  
  28  2:34  Drone x2  
  30  2:39  Overlord  
  30  2:43  Drone  
  31  2:47  Queen  
  32  3:08  Drone x3  
  32  3:09  Drone x2  
  36  3:17  Drone, Roach Warren  
  36  3:18  Evolution Chamber  
  34  3:20  Overlord  
  34  3:26  Drone  
  35  3:28  Extractor  
  35  3:31  Extractor  
  35  3:32  Drone  
  34  3:39  Drone x3  
  34  3:40  Drone x2  
  34  3:41  Drone, Overlord  
  40  3:45  Zerg Missile Weapons Level 1  
  40  3:48  Overlord  
  40  3:55  Drone  
  40  3:56  Drone  
  42  4:05  Overlord  
  42  4:09  Drone x2  
  44  4:14  Drone x2  
  46  4:17  Lair  
  46  4:24  Roach  
  46  4:25  Roach x2  
  46  4:26  Roach  
  54  4:35  Drone  
  54  4:37  Overlord  
  55  4:40  Roach x3  
  55  4:41  Roach  
  55  4:44  Overlord  
  63  5:12  Hatchery  
  62  5:15  Overlord  
  62  5:16  Roach  
  62  5:17  Roach x7  
  78  5:40  Hydralisk Den  
  77  5:45  Overlord x2  
  77  5:49  Zerg Missile Weapons Level 2  
  77  5:50  Roach  
  77  5:51  Roach x4  
  77  5:57  Overlord x2  
  87  6:03  Drone x2  
  87  6:24  Muscular Augments  
  75  6:27  Drone x4  
  75  6:28  Drone  
  72  6:35  Roach x2  
  72  6:36  Roach x3  
  74  6:41  Queen  
  74  6:42  Drone x3, Extractor  
  74  6:43  Drone  
  75  6:50  Drone x3  
  78  6:59  Drone x3  
  78  7:00  Drone, Overlord  
  74  7:10  Extractor  
  74  7:11  Roach, Extractor  
  74  7:12  Roach x4  
  82  7:16  Drone  
  82  7:17  Drone  
  84  7:25  Roach x4  
  93  7:37  Ravager x5  
  93  7:40  Roach x3  
  93  7:41  Overlord  
  103  7:49  Drone  
  103  7:50  Drone x2  
  107  7:51  Drone  
  107  7:52  Overlord x2  
  107  8:06  Zergling x16  
  107  8:07  Zergling x4  
  104  8:33  Roach  
  107  8:34  Roach x8  
  107  8:43  Evolution Chamber  
  107  8:45  Evolution Chamber  
  96  9:04  Zergling x2  
  96  9:05  Zergling x14  
  96  9:07  Grooved Spines  
  96  9:10  Zerg Ground Armor Level 1  
  96  9:12  Hydralisk  
  96  9:13  Hydralisk x9  
  109  9:39  Hatchery  
  102  9:48  Roach  
  102  9:49  Roach x14  
  115  10:06  Zergling x2  
  117  10:07  Zergling x14  
  124  10:14  Drone, Overlord, Evolution Chamber  
  124  10:15  Overlord  
  123  10:28  Overlord x4  
  122  10:48  Overseer  
  109  10:51  Infestation Pit, Hydralisk x8  
  109  10:52  Hydralisk x3  
  102  11:00  Hydralisk  
  102  11:01  Hydralisk x4  
  100  11:09  Drone x4  
  100  11:10  Drone  
  101  11:11  Hydralisk x2  
  101  11:16  Zerg Ground Armor Level 2  
  105  11:20  Zergling x4  
  107  11:26  Zerg Melee Weapons Level 1  
  107  11:28  Drone  
  107  11:29  Drone x3  
  107  11:32  Overseer  
  111  11:33  Pneumatized Carapace  
  111  11:34  Drone x3  
  111  11:35  Drone x4  
  111  11:36  Drone x2  
  111  11:38  Spore Crawler  
  119  11:40  Zergling x8  
  119  11:44  Hive  
  123  11:54  Zergling x2  
  123  11:55  Zergling x6  
  123  12:01  Drone x5  
  132  12:12  Drone x3  
  132  12:15  Queen, Extractor x2  
  133  12:33  Zergling x2  
  133  12:34  Zergling x10  
  126  12:55  Roach  
  126  12:56  Roach x15  
  121  13:36  Hydralisk  
  121  13:37  Hydralisk x18  
  159  14:03  Hatchery, Infestor x5  
Tags
 
Composition
Lurkers
Matchup
ZvZ
Race
Zerg
Replay Pack
SC2 replays
Spawn Locations
Cross Positions
Add a new tag
Caveats
  • Supply blocks, unpowered buildings, or Contaminate may cause inaccurate times.
  • Supply counts are checked every 10 seconds.